[Event "2nd Bassano Easter 2022"]
[Site "Bassano del Grappa"]
[Date "2022.04.17"]
[Round "8.9"]
[White "Weber, Samuel"]
[Black "Fischer, Daniel"]
[Result "0-1"]
[ECO "A29"]
[WhiteElo "2250"]
[BlackElo "2356"]
[Annotator "TA"]
[PlyCount "52"]
[EventDate "2022.04.14"]
[EventType "swiss"]
[EventCountry "ITA"]
[SourceTitle "playchess.com"]
[Source "ChessBase"]
[SourceQuality "1"]
[TimeControl "30/3600+30:1800+30"]

1. c4 e5 2. g3 Nf6 3. Bg2 d5 4. cxd5 Nxd5 5. Nc3 Nb6 6. Nf3 Nc6 7. O-O Be7 8. a3 O-O 9. d3 Re8 10. Be3 Bf8 11. Rc1 Nd4 {[%emt 0:05:25] A29: English Opening: Four Knights Variation with 4 g3.} 12. Nd2 Nf5 {[%emt 0:04:14] [#]} 13. Nb3 $146 (13. Bxb6 $11 axb6 14. Bd5) ({Predecessor:} 13. Bxb6 axb6 14. e3 c6 15. Qc2 Nd6 16. Rfd1 h6 17. Nde4 Nxe4 18. Bxe4 g6 19. d4 exd4 20. exd4 {½-½ (32) Van Tienhoven,R (2393)-Tomson,H (2410) ICCF email 2009}) 13... Nxe3 $17 {[%emt 0:01:14] Black is better.} 14. fxe3 a5 15. Nb1 c6 16. Nc5 Nd5 17. Bxd5 cxd5 18. Qb3 (18. d4 $17 {might work better.}) 18... b6 $19 19. Na4 Rb8 ({Inferior is} 19... Bh3 20. Nbc3 $17) 20. d4 (20. Rxc8 $17 {was called for.} Rxc8 21. Nac3) 20... Qg5 {[%emt 0:06:44] aiming for ...Bh3.} 21. Qd3 ({Wrong is} 21. Qxd5 $2 Qxe3+ 22. Kh1 Bb7 $19) (21. Nd2 $142 exd4 22. Nf3 Rxe3 23. Qc2) 21... Bh3 {[%emt 0:01:15] [#] Threatens to win with ...exd4.} 22. Rfe1 $2 (22. Nd2 Bxf1 23. Nxf1) 22... exd4 23. Qxd4 Re4 {[%emt 0:00:24] Inhibits Qf4.} 24. Qd1 Qxe3+ 25. Kh1 Qf2 26. Rg1 Rxe2 {[%emt 0:00:13] Weighted Error Value: White=1.26/Black=0.09 (flawless)} 0-1

[Event "2nd Bassano Easter 2022"]
[Site "Bassano del Grappa"]
[Date "2022.04.17"]
[Round "8.10"]
[White "Kolb, Tobias"]
[Black "Petrov, Martin"]
[Result "1/2-1/2"]
[ECO "E53"]
[WhiteElo "2316"]
[BlackElo "2542"]
[Annotator "TA"]
[PlyCount "118"]
[EventDate "2022.04.14"]
[EventType "swiss"]
[EventCountry "ITA"]
[SourceTitle "playchess.com"]
[Source "ChessBase"]
[SourceQuality "1"]
[TimeControl "30/3600+30:1800+30"]

1. d4 Nf6 2. c4 e6 3. Nc3 Bb4 4. e3 O-O 5. Bd3 d5 6. Nf3 b6 7. cxd5 exd5 8. O-O c5 9. Ne5 Bb7 10. Bd2 Nbd7 11. a3 Bxc3 12. Bxc3 {[%emt 0:02:18] [#]} c4 $146 {[%emt 0:01:46] E53: Nimzo-Indian: Rubinstein: Main Line (4...0-0 5 Nf3 d5 6 Bd3 c5 7 0-0).} (12... Nxe5 $11 13. dxe5 Ne4) ({Predecessor:} 12... Ne4 13. Bxe4 dxe4 14. Nxd7 Qxd7 15. dxc5 Qxd1 16. Rfxd1 bxc5 17. Rd7 Bc6 18. Rd6 Ba4 19. Ra6 Bb3 20. Ra5 {½-½ (38) Suleymenov,A (2373)-Eliseev,E (2403) Dnipro 2019}) 13. Bc2 $14 a5 14. a4 Qe7 {[%emt 0:04:34] White is slightly better.} 15. f3 Rfe8 16. Re1 (16. Qe1 {looks sharper.} Rac8 17. Qg3 Nf8 18. Rab1) 16... Nf8 17. Qd2 Ne6 18. Qf2 Rad8 19. Rad1 (19. Reb1 $16) 19... Rd6 (19... Rc8 $14) 20. Qg3 Nf8 21. Re2 Bc8 22. Qh4 {[%emt 0:01:20] 0x0.0023821a128edp-1022s more active pieces.} Ng6 23. Nxg6 (23. Qf2 $14) 23... hxg6 24. Rde1 Re6 (24... Bf5 $5 ) 25. e4 dxe4 26. fxe4 Bb7 27. e5 Nd5 28. Qxe7 R6xe7 29. h4 Bc8 30. Be4 Be6 31. Rc1 Rd7 32. g3 Rc8 33. Kf2 Ne7 34. Rd2 Bd5 35. Ke3 Bxe4 36. Kxe4 {[%emt 0:00:08] Hoping for d5.} Rcd8 37. Rdd1 Rd5 38. Be1 Nc6 {[%emt 0:00:50][%cal Oc6e5] And now ...Nxe5! would win.} 39. Rxc4 {[%emt 0:00:40] [#]} Nxe5 {[%emt 0:00:07][%mdl 64] Pin} 40. Rc7 Ng4 41. Rc6 (41. Kf3 $11 {remains equal.} Nf6 42. Rc2) 41... Rf5 (41... f5+ $1 $17 42. Kf3 Ne5+ $1 43. dxe5 Rxd1) 42. Rc3 $2 (42. Rdc1 $1 $11) 42... Re8+ $19 43. Kd3 Rf1 44. Rcc1 (44. Kd2 {is a better defense.}) 44... Ne3 45. Rd2 {[%emt 0:00:54] [#]} Nf5 (45... Rf3 $1 $19 {and Black stays clearly on top.} 46. Rf2 Rxg3 47. Rxf7 Rh3) 46. g4 $17 Rf3+ ({Not} 46... Rexe1 47. Rc8+ Kh7 48. gxf5 $15) 47. Kc2 Ne3+ 48. Kb1 {[%emt 0:00:06] [#]} Nxg4 ({Black should play} 48... Nd5 $1 $17 49. Rdc2 Rf4) 49. d5 $15 Nf6 {[%emt 0:00:18] aiming for ...Rf1.} 50. d6 {[%emt 0:01:01] d7 is the strong threat.} Rd8 51. Rd4 {[%emt 0:01:09] Prevents Rf4.} Rf5 52. b4 Rd5 53. Rxd5 Nxd5 54. bxa5 bxa5 $11 {[%emt 0:00:04] KRB-KRN} 55. Rc6 Nb4 56. Bxb4 axb4 57. a5 {[%emt 0:02:21] Threatens to win with a6.} Kf8 $2 (57... f5 $11) 58. a6 $18 {[%emt 0:00:30] White wants to mate with a7.} Ke8 59. a7 $2 (59. Rc7 Rxd6 60. a7) 59... Kd7 {[%mdl 32768] Quite a comeback for White.  Weighted Error Value: White=0.39/Black=0.18 (very precise) . An unexpected result.} 1/2-1/2

[Event "2nd Bassano Easter 2022"]
[Site "Bassano del Grappa"]
[Date "2022.04.18"]
[Round "9.1"]
[White "Gallego Alcazar, Andres Felipe"]
[Black "Bernadskiy, Vitaliy"]
[Result "0-1"]
[ECO "D30"]
[WhiteElo "2523"]
[BlackElo "2601"]
[Annotator "TA"]
[PlyCount "148"]
[EventDate "2022.04.14"]
[EventType "swiss"]
[EventCountry "ITA"]
[SourceTitle "playchess.com"]
[Source "ChessBase"]
[SourceQuality "1"]
[TimeControl "30/3600+30:1800+30"]

1. d4 d5 2. c4 c6 3. Nf3 e6 4. g3 dxc4 5. Bg2 b5 6. Ne5 Bb7 7. O-O Ne7 8. b3 cxb3 9. Qxb3 Nd7 10. Nc3 Nd5 11. Ne4 Nxe5 12. dxe5 a5 13. Bb2 a4 14. Qc2 a3 15. Bd4 Ra4 16. Rfd1 Be7 17. Nd6+ Bxd6 18. exd6 O-O $1 19. e4 Nb6 20. Rac1 Nd7 21. e5 Ba8 22. Qe2 (22. Bxc6 $2 Rc4 23. Qe2 Bxc6 $19) 22... Qc8 23. Bc5 Qa6 24. Rd2 ({White should try} 24. Qe3 $16) 24... Rb8 25. Qe3 Rc4 $1 26. Rxc4 bxc4 27. Be4 (27. Bxa3 $2 Rb1+ 28. Bf1 c3 $19) 27... Qa5 28. Bd4 $1 (28. Bxa3 $2 c3 29. Rc2 Qxa3 $19) 28... c5 29. Bc3 Qb5 30. Rd1 Bxe4 (30... Qa4 $5 31. Rd2 Bxe4 32. Qxe4 g6 $11) 31. Qxe4 g6 32. h4 h5 33. Kh2 Kg7 34. Rc1 Qa6 35. Rd1 (35. Qc2 $11) 35... Rb2 $1 $17 36. Rd2 {[%emt 0:01:26] [#]} Rxd2 (36... Qb7 $1 $17 37. Qe1 Rxd2 38. Qxd2 Qf3) 37. Bxd2 $11 Qa4 38. Bc3 Nb6 39. Qb7 Qc2 40. Be1 ({Don't blunder} 40. Qxb6 $2 Qxf2+ 41. Kh3 Qf5+ 42. Kh2 Qc2+ 43. Kh3 Qxc3 $19) 40... Qe2 41. Qxb6 Qxe1 42. Qxc5 Qd2 43. d7 ({Don't play} 43. Qxa3 Qxf2+ 44. Kh3 Qf1+ 45. Kh2 Qf2+ 46. Kh3 Qf1+ 47. Kh2 Qf2+ $17) 43... Qxd7 44. Qxc4 Qd2 45. Qf4 $1 ({Much worse is} 45. Kg2 Qb2 46. Kg1 Qxe5 $17) 45... Qd5 46. Qf6+ Kg8 47. Qe7 Qd2 (47... Qxa2 $5 48. Qd8+ Kg7 49. Qf6+ Kh7 $11) 48. Qf6 $1 Kf8 49. Qh8+ Ke7 50. Qf6+ Ke8 51. Qh8+ Kd7 52. Qf6 $1 Qxa2 53. Qxf7+ Kc6 54. Qf3+ Kc5 55. Qc3+ Kd5 56. Qd3+ Kxe5 57. Qe3+ Kd6 58. Qf4+ Kd7 59. Qf7+ Kc6 60. Qf3+ Kb5 (60... Kc5 $5 61. Qf8+ Kd5 62. Qf3+ Kd6 63. Qf8+ Kd7 64. Qf7+ Kd6 65. Qf8+ Kd5 66. Qf3+ Kd6 67. Qf8+ $17) 61. Qd3+ Kb4 (61... Ka4 $5 62. Qa6+ Kb3 63. Qxe6+ Kb2 64. Qe5+ Kc2 65. Qe2+ Kb3 66. Qe6+ Kb2 67. Qe5+ Kc2 68. Qe2+ Kb3 69. Qe6+ $11) 62. Qd6+ Kc3 63. Qe5+ Kd2 64. Qe3+ Kd1 (64... Kc2 $5) 65. Qf3+ Ke1 66. Qe3+ $2 (66. Kg1 $11) 66... Kf1 67. Kh3 Qb2 68. Qe4 a2 69. Qh1+ Ke2 70. Qe4+ {[%emt 0:00:02] [#]} Kd1 $1 71. Qd3+ Ke1 72. Qe4+ Qe2 73. Qb4+ Kf1 74. Qc3 Kg1 0-1

[Event "2nd Bassano Easter 2022"]
[Site "Bassano del Grappa"]
[Date "2022.04.18"]
[Round "9.2"]
[White "Basso, Pier Luigi"]
[Black "Baum, Jonasz"]
[Result "0-1"]
[ECO "D24"]
[WhiteElo "2600"]
[BlackElo "2287"]
[Annotator "TA"]
[PlyCount "110"]
[EventDate "2022.04.14"]
[EventType "swiss"]
[EventCountry "ITA"]
[SourceTitle "playchess.com"]
[Source "ChessBase"]
[SourceQuality "1"]
[TimeControl "30/3600+30:1800+30"]

1. d4 Nf6 2. c4 e6 3. Nf3 d5 4. Nc3 dxc4 5. e3 a6 6. a4 b6 {[%emt 0:00:13] D24: Queen's Gambit Accepted: 3 Nf3 Nf6 4 Nc3.} 7. Bxc4 Bb7 {[%emt 0:00:08] Inhibits e4.} 8. O-O c5 {[%emt 0:00:47] The position is equal.} 9. e4 {[%emt 0:00:25] Hoping for d5.} cxd4 10. Nxd4 {[%emt 0:01:53] [#]} Qc7 $146 {[%emt 0:07:48] [#]} (10... Nc6 $11 11. Nxc6 Qc7) ({Predecessor:} 10... Bc5 11. Be3 Nxe4 12. Nxe4 Bxe4 13. Qg4 Bg6 14. Nxe6 fxe6 15. Bxc5 bxc5 16. Qxe6+ Kf8 17. Rad1 Qc7 18. Rfe1 Ra7 19. Rd3 Bf7 20. Qxf7+ Qxf7 21. Rd8+ Qe8 22. Rdxe8# {1-0 (22) Lucchi,V (2135)-Andreazza,A (2055) Cesenatico 2000}) 11. Bxe6 $1 $16 fxe6 12. Nxe6 Qd7 {[%emt 0:02:27] [#]} 13. Nd5 $1 {[%emt 0:06:07] &Bianco is much more active.} Bd6 $14 {[%emt 0:00:58] [#]} (13... Nxd5 $2 14. exd5 Bxd5 15. Qxd5 $3 Qxd5 16. Nc7+ Kf7 17. Nxd5 $18) (13... Nxe4 $2 14. Qh5+ g6 15. Ndc7+ Kf7 16. Qf3+ Nf6 17. Qxb7 $18) 14. Qb3 $1 Bc8 $1 $11 (14... Nxe4 $2 15. Re1 (15. Nxb6 Qf7 $18) 15... Bxh2+ 16. Kxh2 Bxd5 {[#]} 17. Qxd5 $3 Qxd5 18. Nc7+ Kf7 19. Nxd5 $18) (14... Qxe6 $2 15. Nc7+ $1 Bxc7 16. Qxe6+ Kf8 17. e5 Bxe5 18. Qxe5 $18) (14... Bxh2+ $2 15. Kxh2 Bxd5 16. exd5 $18) 15. Nxb6 Qxe6 16. Qxe6+ Bxe6 17. Nxa8 Nbd7 {[%emt 0:01:51] ...Ke7 is the strong threat.} (17... Nxe4 18. Re1 Bd5 19. Nb6 $16) 18. a5 O-O $36 {[%emt 0:11:08][%mdl 2048] Black fights for an advantage.} 19. Nb6 Ng4 20. h3 Nxf2 {[%emt 0:00:10] White must now prevent ...Bc5.} 21. Nxd7 (21. Rxf2 $2 Bc5 22. Na4 Bxf2+ 23. Kh1 Bc4 $19) (21. Be3 $15 Nxe4 22. Rxf8+ Kxf8 23. b4) 21... Bxd7 $17 {[%emt 0:00:10] This bishop pair is nice.} 22. Be3 {[%emt 0:00:14] Against Bc5} (22. Rxf2 $2 Bc5 23. Ra3 Bxf2+ 24. Kh2 Bd4 $19) 22... Nxe4 23. Rxf8+ Kxf8 24. Rd1 Ke7 25. Rd4 Bc6 26. Rc4 Kd7 27. Bb6 Be5 28. Rb4 g6 29. Bd4 Bc7 30. Bb6 Be5 31. Bd4 $1 Bd6 32. Rb6 Nc5 33. Kh1 Ne6 34. Bf2 Bb5 35. Rb7+ Bc7 {[%emt 0:00:10] Strongly threatening ...Nd8.} 36. Ra7 Kc6 37. h4 {[%emt 0:02:01] This costs White the game.} ({Better is} 37. Bb6 $1 $15) 37... h5 $19 (37... Bxa5 38. Rxh7 Bc7 39. Kg1 $17) 38. b4 Bd6 39. Rf7 Bd3 ({Don't blunder} 39... Bxb4 $2 40. Rf6 Kd7 41. Rxg6 $19) 40. Be1 Bf5 41. Kg1 Nc7 42. Kf2 Nd5 43. Kf3 Nxb4 44. Bd2 Nd5 {[%emt 0:00:14] Inhibits Bf4.} 45. g3 Bc7 46. Rf8 Kb5 47. Re8 Bd7 ({Not} 47... Bxa5 48. Bxa5 Bg4+ 49. Kf2 $11) 48. Re1 Bg4+ 49. Ke4 Nb4 ({Wrong is} 49... Nf6+ $2 50. Kd4 Bxg3 51. Rb1+ Ka4 52. Be1 Bxe1 53. Rxe1 $19) 50. Ra1 (50. Rf1 $142) 50... Bxg3 {[%emt 0:01:27] Black is clearly winning.} 51. Bg5 Bf5+ 52. Kf3 Bc7 53. Re1 Nc6 54. Rc1 Bxa5 55. Be3 Bb4 {[%emt 0:00:14] Weighted Error Value: White=0.25 (precise) /Black=0.12 (very precise)} 0-1

[Event "2nd Bassano Easter 2022"]
[Site "Bassano del Grappa"]
[Date "2022.04.18"]
[Round "9.3"]
[White "Nesterov, Arseniy"]
[Black "Bosiocic, Marin"]
[Result "1-0"]
[ECO "A62"]
[WhiteElo "2522"]
[BlackElo "2522"]
[Annotator "TA"]
[PlyCount "97"]
[EventDate "2022.04.14"]
[EventType "swiss"]
[EventCountry "ITA"]
[SourceTitle "playchess.com"]
[Source "ChessBase"]
[SourceQuality "1"]
[TimeControl "30/3600+30:1800+30"]

1. d4 Nf6 2. c4 e6 3. Nf3 c5 4. d5 d6 5. Nc3 exd5 6. cxd5 g6 7. g3 Bg7 8. Bg2 O-O 9. O-O Na6 10. Re1 Nc7 11. a4 a6 {[%emt 0:00:38] A62: Modern Benoni: Fianchetto Variation without early ...Nbd7.} 12. h3 Re8 13. e4 {[%emt 0:00:17] [#]} h6 $146 {[%emt 0:01:42] White is slightly better.} ({Predecessor:} 13... Rb8 14. Kh2 b5 15. e5 dxe5 16. d6 Ne6 17. axb5 axb5 18. Nxe5 Nd4 19. Bf4 Bb7 {½-½ (47) Dovzik,J (2425)-Boginin,O (2344) Alushta 2006}) 14. Nd2 Nd7 (14... Rb8 $14) 15. Nc4 $16 Ne5 16. Nb6 Rb8 17. f4 Nd7 18. Nc4 {[%emt 0:00:17] &Bianco is more active.} Bd4+ (18... Nf8 $16) 19. Be3 $18 Qf6 20. Bxd4 cxd4 {[%emt 0:00:09] [#]} 21. e5 $1 dxe5 22. Ne4 Qg7 23. Ned6 Rd8 24. Nxe5 (24. fxe5 $6 b5 $16) 24... Nxe5 25. fxe5 f6 26. Qxd4 fxe5 27. Qb6 {[%emt 0:00:27] Rac1 is the strong threat.} Bf5 28. Rac1 Rd7 29. Rc3 (29. g4 $1 $18 Bd3 30. Rc3) 29... Rf8 ({Black should play} 29... e4 $1 $14) 30. Rec1 $1 (30. Qxb7 Nb5 $1 31. Nxf5 gxf5 32. Qxa6 Nxc3 33. bxc3 Qxg3 34. Qe6+ Kg7 35. Qxe5+ (35. Qxd7+ $2 Rf7 $19) 35... Qxe5 36. Rxe5 Rc8 $17) 30... Na8 31. Qc5 h5 32. Nc4 b5 (32... Nc7 $16 {is a better defense.} 33. d6 Ne8) 33. axb5 axb5 34. Qxb5 {[%emt 0:02:59] And now d6 would win.} e4 (34... Nc7 $142 35. Qc6 Rfd8) 35. Qc5 Nc7 36. d6 Ne6 37. Qe3 $36 {[%emt 0:19:08][%mdl 2048] White has strong initiative.} Nd4 (37... Qd4 $16) 38. Rd1 ({But not} 38. Bxe4 Re8 39. Bd5+ Kf8) 38... Nf3+ 39. Bxf3 exf3 40. Qxf3 {[%emt 0:10:23] Threatens to win with Qd5+.} Bxh3 (40... Kh7 {might work better.}) 41. Qd5+ Kh7 {[%emt 0:00:19] [#]} 42. Ne5 $1 Rf5 43. Re1 Rg5 (43... Ra7 $142 44. d7 Rxe5 45. Qxe5 Rxd7) 44. Kh2 Bg4 45. Rc5 {[%emt 0:00:40] Strongly threatening Qd2.} h4 46. Qd3 ({White has to play} 46. Qd2 $18 hxg3+ 47. Kg1 (47. Kxg3 $2 Qh6 $19)) 46... Qh6 {[%emt 0:01:40][%mdl 8192] [#]} (46... hxg3+ $11 47. Kg1 (47. Qxg3 $2 Qh6+ 48. Kg1 Bf5 $19) 47... Qh6) 47. Kg1 $2 (47. Nxg4 $1 $18 {Threatening mate with Rc7.} Rxg4 48. Rc7 hxg3+ 49. Kg2 Qh2+ 50. Kf3) 47... Bf5 $2 {[%emt 0:01:17][%mdl 8192] [#]} (47... hxg3 $11 48. Rc2 g2 49. Rxg2 Bh3 50. Nxd7 Rxg2+ 51. Kh1 Bf5+ 52. Kxg2 Bxd3 53. Re7+ Kh8 54. Re8+ Kh7 55. Re7+ Kh8 56. Re8+ Kh7 57. Re7+) 48. Nxd7 $1 Qh5 (48... Rxg3+ 49. Qxg3) 49. Nf6+ {[%emt 0:00:06] Weighted Error Value: White=0.34/Black=0.60} 1-0

[Event "2nd Bassano Easter 2022"]
[Site "Bassano del Grappa"]
[Date "2022.04.18"]
[Round "9.4"]
[White "Carlo, Emanuele"]
[Black "Fier, Alexandr"]
[Result "0-1"]
[ECO "A09"]
[WhiteElo "2296"]
[BlackElo "2583"]
[Annotator "TA"]
[PlyCount "46"]
[EventDate "2022.04.14"]
[EventType "swiss"]
[EventCountry "ITA"]
[SourceTitle "playchess.com"]
[Source "ChessBase"]
[SourceQuality "1"]
[TimeControl "30/3600+30:1800+30"]

1. Nf3 d5 2. c4 d4 3. b4 g5 4. e3 {[%emt 0:05:49] [#]} Bg7 $146 ({Predecessor:} 4... e5 5. exd4 exd4 6. Qe2+ Ne7 7. Nxg5 Bg7 8. Qh5 Ng6 9. d3 Qe7+ 10. Be2 Nd7 {0-1 (19) Hillarp Persson,T (2527)-Morozevich,A (2683) St Petersburg 2016}) 5. Nxd4 Bxd4 6. exd4 {[%emt 0:00:07] A09: Réti Opening: 1 Nf3 d5 2 c4.} Qxd4 7. Nc3 Nc6 8. Be2 {[%emt 0:01:49] White is slightly better.} Nf6 9. O-O (9. Bb2 {is interesting.} Bf5 10. Qb3 O-O-O 11. Nd5) 9... Bf5 10. Ba3 Qd7 11. Na4 {[%emt 0:06:25] Black must now prevent Nc5.} b6 {[%emt 0:08:55] Inhibits Nc5.} 12. Bf3 O-O-O 13. Bxc6 Qxc6 14. Rc1 (14. b5 $11 {might be stronger.} Qd7 15. d4) 14... Rd3 15. b5 $1 Qd7 16. Bb4 Ne4 (16... Rd4 $11 {remains equal.}) 17. Nb2 $16 Rd4 18. d3 {[%emt 0:12:55] [#] Strongly threatening Qa4.} Nf6 (18... Nc5 $16) 19. Re1 Re8 (19... Nd5 $16 {was called for.} 20. Bd2 (20. cxd5 Rxb4 21. Nc4 f6 $11) 20... Nf4) 20. Bc3 $40 {[%emt 0:01:39][%mdl 128] And now Qf3 would win. White has strong attack.} Rh4 21. Qf3 Kd8 $2 {[%emt 0:01:52] [#]} (21... Kb8 {might work better.} 22. Bxf6 exf6) 22. Qa8+ Qc8 23. Qxa7 Ng4 {[%emt 0:02:34][%mdl 32768] Weighted Error Value: White=0.15 (very precise) /Black=0.37. Loss on time!?} (23... Nd7 $142 24. a4 e5) 0-1

[Event "2nd Bassano Easter 2022"]
[Site "Bassano del Grappa"]
[Date "2022.04.18"]
[Round "9.5"]
[White "Heberla, Bartlomiej"]
[Black "Kolb, Tobias"]
[Result "1-0"]
[ECO "B12"]
[WhiteElo "2570"]
[BlackElo "2316"]
[Annotator "TA"]
[PlyCount "107"]
[EventDate "2022.04.14"]
[EventType "swiss"]
[EventCountry "ITA"]
[SourceTitle "playchess.com"]
[Source "ChessBase"]
[SourceQuality "1"]
[TimeControl "30/3600+30:1800+30"]

1. e4 c6 2. d4 d5 3. e5 Bf5 4. Nf3 e6 5. Be2 Ne7 6. O-O c5 7. dxc5 Nec6 {[%emt 0:00:35] B12: Caro-Kann: Advance Variation.} 8. Bg5 {[%emt 0:02:41] [#]} (8. Be3 $5 ) 8... Qc7 $146 ({Predecessor:} 8... Be7 9. Bxe7 Qxe7 10. c4 dxc4 11. Nbd2 c3 12. bxc3 O-O 13. Nc4 Nd7 14. Nd4 Ndxe5 15. Nxe5 Nxe5 16. Nxf5 exf5 {1-0 (77) Paravyan,D (2617)-Tari,A (2660) Chess.com INT 2022}) 9. c4 dxc4 {[%emt 0:00:56] The position is equal.} 10. Na3 Bxc5 11. Nb5 ({Of course not} 11. Bxc4 O-O $11) 11... Qb6 12. Nd6+ Bxd6 13. Qxd6 Qb4 14. Qxb4 Nxb4 15. Bxc4 N8c6 {[%emt 0:05:19] Prevents Nd4.} 16. Rad1 {[%emt 0:02:39] Inhibits Bd3.} h6 17. Be3 Bg4 18. Bc5 Bxf3 19. gxf3 {[%emt 0:00:05] [#]} Nxe5 $1 20. Bb5+ Nbc6 21. f4 {[%emt 0:00:09] [#]} a6 $1 22. Ba4 Nd7 23. Bd6 O-O-O 24. Bxc6 bxc6 25. Be7 Rde8 26. Bb4 Nb6 27. Rd6 $1 Kb7 28. Rfd1 Nd5 29. Rd7+ Kb6 (29... Kc8 $5 30. Rxf7 Nxb4 $11) 30. Bd6 f6 {[%emt 0:00:00] Strongly threatening ...c5.} 31. b4 {[%emt 0:06:10] Against c5} Kb5 32. Rc1 Ka4 $1 33. Rxc6 {[%emt 0:01:23] And now Ra7 would win.} Rc8 (33... Ra8 $14) 34. Rxa6+ $16 Kb5 {[%emt 0:00:04] [#]} 35. Rda7 {[%emt 0:03:34] &Bianco is more active.} Rhd8 36. a4+ Kc4 37. b5 (37. Rxg7 $18 {is more deadly. Threatens to win with h4.} Kd3 38. Bc5) 37... Kd3 38. Kg2 Ke4 39. Rxg7 e5 40. fxe5 Nf4+ 41. Kh1 fxe5 42. h4 {[%emt 0:03:07] aiming for Rc7.} (42. Rg3 $5 Nd3 43. Re3+ Kd4 44. Kg2 $16) 42... Kf3 $2 (42... Rc2 $11) 43. Bxe5 $18 Rd1+ {[%emt 0:03:41] [#]} 44. Rg1 $1 Rxg1+ 45. Kxg1 {[%emt 0:00:04][%mdl 4096] Endgame Rf6 is the strong threat. KRB-KRN} Ne2+ 46. Kh2 Rc4 47. Bg3 Rc2 48. Rf6+ Kg4 49. Be5 {[%emt 0:01:32] White threatens b6 and mate.} Rc5 50. Bd6 Rc1 51. b6 Rb1 52. a5 (52. f3+ $142 Kh5 53. Rf5+ Kg6 54. Rb5 Rb3 55. Rxb3 h5 56. b7 Kf7 57. b8=Q) 52... Nd4 53. Rf4+ Kh5 54. Rxd4 {[%emt 0:04:43] Weighted Error Value: White=0.10 (very precise) /Black=0.31} 1-0

[Event "2nd Bassano Easter 2022"]
[Site "Bassano del Grappa"]
[Date "2022.04.18"]
[Round "9.6"]
[White "Petrov, Martin"]
[Black "Kalogridis, Antonios"]
[Result "1-0"]
[ECO "B12"]
[WhiteElo "2542"]
[BlackElo "2322"]
[Annotator "TA"]
[PlyCount "105"]
[EventDate "2022.04.14"]
[EventType "swiss"]
[EventCountry "ITA"]
[SourceTitle "playchess.com"]
[Source "ChessBase"]
[SourceQuality "1"]
[TimeControl "30/3600+30:1800+30"]

1. e4 c6 2. d4 d5 3. e5 Bf5 4. h4 h5 5. Bd3 Bxd3 6. Qxd3 {[%emt 0:00:04][%cal Oe5e6] B12: Caro-Kann: Advance Variation.} Qa5+ 7. b4 Qa6 8. e6 {[%emt 0:00:22] The position is equal.} Qxd3 9. cxd3 fxe6 10. Nd2 e5 11. dxe5 e6 12. Rb1 {[%emt 1:01:12] [#]} Ne7 $146 ({Predecessor:} 12... Nd7 13. Ndf3 Nh6 14. Nh3 Ng4 15. Bf4 Be7 16. O-O O-O 17. Rfe1 Rae8 18. a4 Bd8 {1-0 (68) Martinez Alcantara,J (2598)-Bluebaum,M (2642) Chess.com INT 2022}) 13. Ndf3 Ng6 14. Rh3 Nd7 15. d4 Be7 16. Rg3 Nxh4 (16... Ndf8 $14) 17. Nxh4 $16 Bxh4 18. Rxg7 Be7 19. Nh3 Bf8 (19... Kf8 $1 $14 20. Rg3 h4 21. Rf3+ Ke8) 20. Rg6 (20. Rg3 $16) 20... Kf7 21. Rg3 {[%emt 0:00:02] &Bianco is much more active. The black rooks are badly placed.} Bh6 (21... Be7 $16) 22. Bxh6 $18 Rxh6 {[%emt 0:00:04] [#]} 23. Rbb3 $1 {[%emt 0:00:04] aiming for Rbf3+.} Rf8 24. Rbf3+ Ke8 25. Rxf8+ (25. Ra3 $18 a6 26. Rg7) 25... Kxf8 {[%emt 0:01:52][%mdl 4096] Endgame KRN-KRN} (25... Nxf8 $16 26. Nf4 Rh7) 26. Nf4 Kf7 27. Ra3 a6 28. Rh3 h4 (28... b6 $16 {is a better defense.} 29. Ra3 (29. Nxh5 c5 $16) 29... c5) 29. Ke2 Nf8 $2 {[%emt 0:07:06] [#]} (29... b6 30. Ra3 c5) 30. Kf3 Ng6 (30... Rh8 $142 31. Kg4 Nd7 32. Rxh4 Rxh4+ 33. Kxh4 a5) 31. Nxg6 Kxg6 {[%emt 0:00:17] KR-KR} 32. Kg4 Rh8 (32... Rh5 {was necessary.} 33. Rxh4 Rg5+ 34. Kf3 Rf5+ 35. Kg3 Kg7 36. Rg4+ Kh6) 33. Rf3 Kg7 34. Rf6 a5 35. bxa5 Ra8 (35... Re8 $142 36. f4 c5 37. dxc5 d4) 36. Rxe6 Rxa5 37. Re7+ Kf8 38. Rxb7 Rxa2 39. f4 Rxg2+ 40. Kxh4 {[%emt 0:00:11] White mates.} Rd2 41. Kg5 Rxd4 42. e6 Re4 43. f5 Ke8 44. Kf6 Kd8 45. Kf7 d4 46. f6 Kc8 47. Rb4 c5 48. Rb5 Kc7 49. Rxc5+ Kd6 50. Ra5 d3 51. e7 ({Stronger than} 51. Ra8 Rxe6 52. Ra6+ Kd7 53. Rxe6 d2 $11) 51... d2 52. Ra8 Kc7 53. Rd8 {[%emt 0:00:20] Weighted Error Value: White=0.07 (flawless) /Black=0.38} 1-0